 Dungeon Crawl Stone Soup version 0.17-a0-580-g22c127a (webtiles) character file.

51 HunterMK the Cudgeler (level 3, 0/23 HPs)
             Began as a Gargoyle Fighter on Apr 15, 2015.
             Slain by an orc warrior
             ... wielding a +0 mace
              (6 damage)
             ... on level 3 of the Dungeon.
             The game lasted 00:04:46 (1763 turns).

HunterMK the Cudgeler (Gargoyle Fighter)            Turns: 1763, Time: 00:04:47

Health: 0/23       AC: 10    Str: 19    XL:     3   Next: 83%
Magic:  3/3        EV:  7    Int:  8    God:
Gold:   96         SH:  9    Dex: 10    Spells: 0 memorised, 2 levels left

rFire  . . .     SeeInvis .     a - +0 flail
rCold  . . .     Clarity  .     b - +0 scale mail
rNeg   + . .     SustAb   .     c - +0 shield
rPois  ∞         Gourm    .     (no helmet)
rElec  +         Spirit   .     (no cloak)
rCorr  .         Warding  .     (no gloves)
rMut   .         Stasis   .     (no boots)
MR     .....                    (no amulet)
Stlth  ..........               (no ring)
                                (no ring)

@: not resistant to hostile enchantments, extremely unstealthy
A: negative energy resistance 1, electricity resistance, unbreathing,
petrification resistance, rot immunity, AC +3
a: no special abilities


You were on level 3 of the Dungeon.
You were not hungry.

You visited 1 branch of the dungeon, and saw 3 of its levels.

You collected 96 gold pieces.

Inventory:

Hand weapons
 a - a +0 flail (weapon)
Armour
 b - a +0 scale mail (worn)
 c - a +0 shield (worn)
Scrolls
 h - 2 scrolls of identify {unknown}
 i - 2 scrolls of remove curse {unknown}
Potions
 e - 3 potions of might
 f - a potion of curing {unknown}
 l - a potion of magic {unknown}
 m - a potion of heal wounds {unknown}
 o - a potion of lignification {unknown}
 q - a potion of brilliance {unknown}
Comestibles
 d - 2 bread rations
 g - 4 meat rations
 j - a slice of pizza
 k - 2 beef jerkies
 n - 4 fruits
 p - a chunk of flesh


   Skills:
 - Level 3.2 Fighting
 + Level 4.0 Maces & Flails
 - Level 3.2 Armour
 - Level 3.2 Shields


You had 2 spell levels left.
You didn't know any spells.

Dungeon Overview and Level Annotations

Branches:
Dungeon (3/15)

Altars:
Zin

Shops:
D:2 *

Annotations:
D:3 Ijyb


Innate Abilities, Weirdness & Mutations

You are resistant to torment.
Your stone body is resilient (AC +3).
You are immune to poison.
You resist negative energy.
You are resistant to electric shocks.
You can survive without breathing.
You are immune to petrification.
You are immune to rotting.


Message History

Ijyb is lightly wounded.
You block the orc warrior's attack. Ijyb hits you.
The orc warrior hits you with a mace.
You miss Ijyb.
Ijyb is lightly wounded.
Ijyb hits you. You block the orc warrior's attack. You block Ijyb's attack.
You closely miss Ijyb.
Ijyb is lightly wounded.
Ijyb barely misses you. The orc warrior hits you with a mace!
* * * LOW HITPOINT WARNING * * *
You closely miss Ijyb.
Ijyb is lightly wounded.
Ijyb hits you but does no damage. You block the orc warrior's attack.
You barely miss Ijyb.
Ijyb is lightly wounded.
You block Ijyb's attack. You block the orc warrior's attack.
You thump Ijyb!
Ijyb is moderately wounded.
Ijyb hits you but does no damage. The orc warrior hits you with a mace.
You die...

.........<.......##....<#...#
#######.###.#######..########
#......................)..#
#.###.###..#####..#######.#
#.# ##.## #..# #.# #.# #..#
#..# #.# #.# ##.# #..#
#####.## #.#####.####..#
#......# .......(.og@oo.#
#......# ..#####o####..#
#......# . #..# #..#
#......#### ##.###..#
#.......... #.g##o.#
#......#### ##o##o.# #......#
#..#..# #......# ##.#..#
#......# #....# ########


You could see an orc warrior, Ijyb and 3 orcs.

Vanquished Creatures
  A giant gecko (D:3)
  7 orcs (D:3)
  2 ball pythons
  A giant cockroach (D:3)
  4 goblins
  4 hobgoblins
  2 jackals (D:3)
  5 kobolds
  2 quokkas (D:2)
  6 bats
  7 rats
41 creatures vanquished.

Notes
Turn   | Place    | Note
--------------------------------------------------------------
     0 | D:1      | HunterMK, the Gargoyle Fighter, began the quest for the Orb.
     0 | D:1      | Reached XP level 1. HP: 14/14 MP: 1/1
   163 | D:1      | Reached XP level 2. HP: 13/19 MP: 2/2
   280 | D:1      | You fall through a shaft!
   666 | D:1      | Reached XP level 3. HP: 23/23 MP: 3/3
  1032 | D:2      | Found Zin's Purification Station.
  1037 | D:2      | Found a glowing silver altar of Zin.
  1641 | D:3      | Reached skill level 4 in Maces & Flails
  1732 | D:3      | Noticed Ijyb
  1734 | D:3      | Noticed an orc warrior
  1763 | D:3      | Slain by an orc warrior

Action                   || total
-------------------------++-------
Melee: Flail             ||   152
  Eat: Chunk             ||     3
